 Dungeon Crawl Stone Soup version 0.31.0-32-g396128a36d (webtiles) character file.

Game seed: 15749632392188515505

1124 chippings the Poker (level 8, 0/66 HPs)
             Began as a White Draconian Wanderer on Apr 4, 2024.
             Succumbed to a scorpion's poison
             ... on level 5 of the Dungeon.
             The game lasted 00:09:16 (3089 turns).

chippings the Poker (White Draconian Wanderer)      Turns: 3089, Time: 00:09:17

Health: 0/66       AC: 10    Str: 13 (14) XL:     8   Next: 13%
Magic:  14/14      EV: 16    Int: 20 (21) God:
Gold:   230        SH:  0    Dex:  8 (11) Spells: 11/15 levels left

rFire   . . .        c - +5 scythe (flame)
rCold   + . .        (shield currently unavailable)
rNeg    . . .        (body armour unavailable)
rPois   .            (helmet restricted)
rElec   .            j - +0 cloak
rCorr   .            (no gloves)
SInv    .            p - +2 pair of boots
Will    .....        e - amulet of regeneration
Stlth   +            h - +5 ring of evasion
HPRegen 1.11/turn    u - +6 ring of intelligence
MPRegen 0.14/turn

%: no passive effects
@: lethally poisoned (0 -> -3)
A: breathe frost, AC +6, unfitting armour, cold resistance 1, cold-blooded
a: Breathe Frost


You were on level 5 of the Dungeon.
You visited 1 branch of the dungeon, and saw 5 of its levels.

You collected 230 gold pieces.

Inventory:

Hand Weapons
 c - a +5 scythe of flaming (weapon)
Missiles
 g - 4 curare-tipped darts
Armour
 j - a +0 cloak (worn)
 p - a +2 pair of boots (worn)
Jewellery
 e - an amulet of regeneration (around neck)
 h - a +5 ring of evasion (left hand)
 t - a ring of resist corrosion
 u - a +6 ring of intelligence (right hand)
Wands
 k - a wand of paralysis (23)
Scrolls
 l - a scroll of blinking {unknown}
 m - a scroll of vulnerability {unknown}
 n - 3 scrolls of identify {unknown}
 o - a scroll of revelation
 s - a scroll of poison {unknown}
 v - a scroll of enchant armour {unknown}
Potions
 a - a potion of degeneration
 b - a potion of heal wounds {unknown}
 d - a potion of attraction {unknown}
 f - a potion of might {unknown}
 i - a potion of curing {unknown}
 r - a potion of ambrosia {unknown}


   Skills:
 - Level 4.0 Fighting
 + Level 5.4 Polearms
 - Level 2.5 Shields
 - Level 4.0 Spellcasting
 + Level 4.1 Conjurations
 + Level 4.5 Ice Magic
 - Level 2.0 Alchemy
 - Level 2.0 Invocations


You had 11 spell levels left.
You knew the following spells:

 Your Spells              Type           Power      Damage    Failure   Level
a - Sting                 Conj/Alch      64%        1d7       3%          1
b - Hailstorm             Conj/Ice       21%        3d7       6%          3

Your spell library contained the following spells:

 Spells                   Type           Power      Damage    Failure   Level
 Freeze                   Ice            88%        1d9       1%          1
 Frozen Ramparts          Ice            44%        1d7       6%          3
 Momentum Strike          Conj/Tloc      24%        3d8       9%          2
 Mephitic Cloud           Conj/Alch/Air  12%        N/A       17%         3
 Blink                    Tloc           8%         N/A       19%         2
 Lesser Beckoning         Tloc           8%         N/A       19%         2
 Scorch                   Fire           8%         2d5       19%         2
 Gell's Gravitas          Tloc           4%         N/A       36%         3
 Teleport Other           Tloc           4%         N/A       36%         3
 Flame Wave               Conj/Fire      12%        2d6       47%         4
 Dispersal                Tloc           2%         N/A       100%        6
 Summon Cactus Giant      Summ           2%         N/A       100%        6


Dungeon Overview and Level Annotations

Branches:
Dungeon (5/15)
 Temple: D:4-7

Altars:
Wu Jian

Annotations:
D:2 1 runed translucent door, Crazy Yiuf


Innate Abilities, Weirdness & Mutations

You can breathe waves of freezing cold which knock back foes.
Your icy white scales are hard. (AC +6)
You cannot fit into any form of body armour.
Your flesh is cold resistant. (rC+)
You are cold-blooded and may be slowed by cold attacks.


Message History

You feel very sick.
The killer bee stings you but does no damage.
The killer bee stings you.
You are more poisoned.
The killer bee poisons you! The killer bee stings you.
You puncture the killer bee! You burn the killer bee.
You kill the killer bee!
You feel extremely sick.
Unknown command.
You closely miss the scorpion.
You feel extremely sick. The scorpion barely misses you. x2
You slash the scorpion! You burn the scorpion.
The scorpion is almost dead.
You feel very sick. The scorpion stings you.
* * * LOW HITPOINT WARNING * * *
You are lethally poisoned!
The scorpion poisons you!
You barely miss the scorpion.
The scorpion is almost dead.
* * * LOW HITPOINT WARNING * * *
You feel extremely sick. The scorpion closely misses you.
The scorpion misses you.
Unknown command.
You barely miss the scorpion.
The scorpion is severely wounded.
* * * LOW HITPOINT WARNING * * *
You feel very sick. The scorpion barely misses you.
Unknown command.
It was a potion of degeneration.
There was something very wrong with that liquid.
You feel weakened.
You feel dopey.
You feel clumsy.
* * * LOW HITPOINT WARNING * * *
You feel very sick. The scorpion barely misses you.
Your magical contamination has completely faded away.
It was a potion of magic.
Magic courses through your body.
You die...

.....##..# ....##..#
###...##..# .....##..#
#...##..# #...##..# #
.#.###...##†.#.#...
..........@s$.......
....###..###....###.
.......<............
......#..#.#........
......#..#.#....###.
..................
................###
...........##............
.....#..........#.........


You could see a scorpion.

Vanquished Creatures
  Grinder (D:4)
  Sigmund (D:2)
  2 ogres
  4 killer bees (D:5)
  A bombardier beetle (D:4)
  A hound (D:5)
  A jelly (D:5)
  An orc priest (D:4)
  Jessica (D:2)
  An iguana (D:5)
  4 orc wizards
  5 adders
  A shadow imp (D:5)
  A ribbon worm (D:2)
  3 dart slugs
  6 orcs
  7 endoplasms
  3 giant cockroaches
  8 goblins
  7 hobgoblins
  5 jackals
  6 kobolds
  7 quokkas
  6 ball pythons
  6 bats
  3 frilled lizards
  2 rats (D:2)
94 creatures vanquished.

Vanquished Creatures (others)
  An orc wizard (D:4)
1 creature vanquished.

Grand Total: 95 creatures vanquished

Notes
Turn   | Place    | Note
-------+----------+-------------------------------------------
     0 | D:1      | chippings the Draconian Wanderer began the quest for the
                  | Orb.
     0 | D:1      | chippings set off with the following items: a +2 spear, a
                  | +0 buckler, a potion of berserk rage; and the following
                  | spell memorised: Sting; and the following spells available
                  | to memorise: Mephitic Cloud.
     0 | D:1      | Reached XP level 1. HP: 16/16 MP: 2/2
   344 | D:1      | Reached XP level 2. HP: 19/23 MP: 3/3
  1016 | D:2      | Noticed Sigmund
  1024 | D:2      | Killed Sigmund
  1025 | D:2      | Reached skill level 1 in Conjurations
  1025 | D:2      | Reached XP level 3. HP: 31/31 MP: 4/6
  1025 | D:2      | Reached XP level 4. HP: 38/38 MP: 4/7
  1025 | D:2      | Reached XP level 5. HP: 45/45 MP: 4/8
  1063 | D:2      | Learned a level 3 spell: Hailstorm
  1110 | D:2      | Found a runed translucent door.
  1111 | D:2      | Noticed Crazy Yiuf
  1363 | D:2      | Noticed Jessica
  1365 | D:2      | Killed Jessica
  1394 | D:2      | Found an ornate altar of the Wu Jian Council.
  1716 | D:3      | Noticed an ogre
  1720 | D:3      | Killed an ogre
  1721 | D:3      | Reached skill level 1 in Ice Magic
  1721 | D:3      | Reached XP level 6. HP: 51/51 MP: 8/10
  2218 | D:3      | Found a faded altar of an unknown god.
  2439 | D:4      | Noticed Grinder
  2444 | D:4      | Paralysed by Grinder for 2 turns
  2452 | D:4      | Killed Grinder
  2453 | D:4      | Your scales start taking on an icy white colour.
  2453 | D:4      | Reached XP level 7. HP: 42/59 MP: 11/11
  2453 | D:4      | Gained mutation: Your flesh is cold resistant. (rC+) [White
                  | Draconian growth]
  2722 | D:4      | Reached skill level 5 in Polearms
  2932 | D:5      | Entered Level 5 of the Dungeon
  3081 | D:5      | Reached XP level 8. HP: 48/66 MP: 0/14
  3087 | D:5      | HP: 3/66 [poisoned by a scorpion]
  3088 | D:5      | HP: 1/66 [poisoned by a scorpion]
  3089 | D:5      | Succumbed to a scorpion's poison

Illustrated notes

Levels and vault maps discovered:
D:1:      dpeg_cavernosity, layout_loops_ring, bh_walls_and_bars
D:2:      layout_rooms, basic_altar, uniq_crazy_yiuf_cottage, uniq_jessica,
          uniq_sigmund
D:3:      layout_loops_ring, dilly_ecumenical_altar_fadedgnrine,
          minmay_starry_boxes
D:4:      layout_cave_pools, uniq_grinder
D:5:      layout_basic, minmay_temple_entry_poolview, uniq_eustachio

Skill      XL: |  1  2  3  4  5  6  7 |
---------------+----------------------+-----
Fighting       | 3 4 |  4.0
Shields        | 2 |  2.5
Spellcasting   | 2 3 4 |  4.0
Conjurations   | 1 2 3 4 |  4.1
Alchemy        | 2 |  2.0
Ice Magic      | 1 3 4 |  4.5
Polearms       | 5 |  5.4
Invocations    | |  2.0

Action                     |  1- 3 |  4- 6 |  7- 9 || total
---------------------------+-------+-------+-------++-------
  Melee: Spear             |    73 |    10 |       ||    83
         Tailslap          |     4 |     7 |     5 ||    16
         Halberd           |       |   109 |    38 ||   147
   Cast: Hailstorm         |       |     1 |    12 ||    13
    Use: Potion            |     1 |       |     2 ||     3
         Scroll            |       |     3 |       ||     3
   Stab: Sleeping          |     1 |       |       ||     1
 Armour: Skin              |    26 |    80 |    25 ||   131
  Dodge: Dodged            |    26 |   121 |    40 ||   187
  Block: Buckler           |     7 |       |       ||     7
